 Dungeon Crawl Stone Soup version 0.29.0-5-ge4962eb29e (webtiles) character file.

Game seed: 7208952241163468405

52 avis the Caller (level 3, 0/14 HPs)
             Began as a Felid Summoner on Aug 28, 2022.
             Slain by a gnoll
             ... wielding a +0 whip
              (5 damage)
             ... on level 2 of the Dungeon.
             The game lasted 00:08:29 (1176 turns).

avis the Caller (Felid Summoner)                    Turns: 1176, Time: 00:08:30

Health: 0/14       AC:  1    Str: 10    XL:     3   Next: 60%
Magic:  8/8        EV: 17    Int: 18    God:
Gold:   48         SH:  0    Dex: 16    Spells: 2/8 levels left
                                        Lives:  0   Deaths: 0

rFire   . . .      SeeInvis +   (weapon unavailable)
rCold   . . .      Faith    .   (shield unavailable)
rNeg    . . .      Spirit   .   (body armour unavailable)
rPois   .          Reflect  .   (helmet unavailable)
rElec   .          Harm     .   (cloak unavailable)
rCorr   .          Rampage  .   (gloves unavailable)
Will    .....                   (boots unavailable)
Stlth   ++........              n - amulet of magic regeneration
HPRegen 0.04/turn               l - +6 ring of strength
MPRegen 0.51/turn               (no ring)

@: quick
A: very small, claws 1, fangs 3, see invisible, speed 1, shaggy fur 1, stealthy
paws, no weapons or thrown items, no armour, multi-lived
a: no special abilities


You were on level 2 of the Dungeon.
You visited 1 branch of the dungeon, and saw 2 of its levels.

You collected 48 gold pieces.

Inventory:

Jewellery
 l - a +6 ring of strength (left paw)
 n - an amulet of magic regeneration (around neck)
Scrolls
 b - 4 scrolls of identify {unknown}
 d - 4 scrolls of teleportation {unknown}
 h - a scroll of immolation {unknown}
 i - a scroll of enchant armour {unknown}
 m - a scroll of noise {unknown}
Potions
 a - a potion of magic
 c - a potion of curing {unknown}
 e - a potion of resistance {unknown}
 f - a potion of lignification {unknown}
 g - a potion of mutation {unknown}
 j - a potion of berserk rage {unknown}
 k - a potion of haste {unknown}
 o - a potion of might {unknown}


   Skills:
 - Level 2.6 Dodging
 - Level 2.6 Stealth
 + Level 0.2 Unarmed Combat
 * Level 3.2 Spellcasting
 + Level 4.4 Summonings


You had 2 spell levels left.
You knew the following spells:

 Your Spells              Type           Power      Damage    Failure   Level
a - Summon Small Mammal   Summ           76%        N/A       2%          1
c - Call Imp              Summ           19%        N/A       3%          2
d - Call Canine Familiar  Summ           19%        N/A       8%          3

Your spell library contained the following spells:

 Spells                   Type           Power      Damage    Failure   Level
 Apportation              Tloc           4%         N/A       16%         1
 Summon Guardian Golem    Hex/Summ       10%        N/A       19%         3
 Summon Lightning Spire   Summ/Air       10%        N/A       54%         4
 Alistair's Intoxication  Tmut/Pois      1%         N/A       99%         5


Dungeon Overview and Level Annotations

Branches:
Dungeon (2/15)

Altars:


Innate Abilities, Weirdness & Mutations

You have sharp claws.
You have razor-sharp teeth.
You have supernaturally acute eyesight. (SInv)
You cover ground quickly. (Speed+)
You are covered in fur. (AC +1)
Your paws help you pounce on unaware monsters.
You are incapable of wielding weapons or throwing items.
You cannot wear armour.
You gain extra lives every three experience levels.


Message History

You climb upwards.
Your summoned allies are left behind.
There is a stone staircase leading down here.
There is an escape hatch in the floor here.
You slide downwards.
The hatch slams shut behind you.
Found 7 stones.
Found a stone staircase leading down.
Casting: Call Imp (safe; 3% risk of failure)
Confirm with . or Enter, or press ? or * to list all spells.
A beastly little devil appears in a puff of flame.
Casting: Call Imp (safe; 3% risk of failure)
Confirm with . or Enter, or press ? or * to list all spells.
The spell is astonishingly dangerous to miscast (8% risk of failure)!
Continue anyway?
Okay, then.
What are your orders? t - Meow!
Orders for allies: a - Attack new target. r - Retreat! s - Stop attacking. g - Guard the area. f - Follow me.
Anything else - Cancel.
Gang up on whom?
Press: ? - help, Dir - move target, f - gnoll
Aim: a gnoll, wielding a +0 club (asleep, ally target) Attack!
The gnoll shouts! x2
A gnoll comes into view. It is wielding a +0 whip.
A gnoll comes into view. It is wielding a +0 club.
Your hound barely misses the gnoll.
Your hound bites the gnoll.
Your crimson imp hits the gnoll.
A quokka comes into view.
The gnoll hits your hound with a +0 whip.
Your hound bites the gnoll but does no damage.
Your hound bites the gnoll but does no damage.
Your hound barely misses the gnoll.
The gnoll hits you with a +0 whip.
Your crimson imp blinks!
You see here 7 stones.
Your hound bites the gnoll.
The gnoll hits you with a +0 club.
You scratch the quokka but do no damage.
You bite the quokka.
The quokka is lightly wounded.
The quokka bites you. The gnoll hits you with a +0 whip.
You die...

.## #...#...5..... ..#
#........... ########.#
###..####[## #........#
##..5.5..#
#..>.....##############h.#
#................<.####<..
#.......g#########....##.#
#......hgg# ####..#..
#.......#@#### #....
######..5.r..# #####
####.....# # ####...# ##
#..# #. ..# #. ... ... #.
##.. ...


You could see 3 gnolls, a quokka (ally target), a friendly hound (summoned) and
a friendly crimson imp (summoned).

Vanquished Creatures
  A bat (D:2)
  A giant cockroach (D:2)
  A hobgoblin (D:2)
  A frilled lizard (D:1)
  2 rats
6 creatures vanquished.

Vanquished Creatures (collateral kills)
  A worm (D:2)
  3 dart slugs
  A ball python (D:1)
  A bat (D:1)
  7 endoplasms
  2 goblins
  7 hobgoblins
  A quokka (D:1)
  3 frilled lizards
  5 kobolds
  A rat (D:1)
32 creatures vanquished.

Grand Total: 38 creatures vanquished

Notes
Turn   | Place    | Note
-------+----------+-------------------------------------------
     0 | D:1      | avis the Felid Summoner began the quest for the Orb.
     0 | D:1      | Reached XP level 1. HP: 7/7 MP: 4/4
   161 | D:1      | Reached XP level 2. HP: 5/11 MP: 4/6
   340 | D:1      | Learned a level 2 spell: Call Imp
   745 | D:1      | Reached XP level 3. HP: 14/14 MP: 4/8
   756 | D:1      | Learned a level 3 spell: Call Canine Familiar
  1176 | D:2      | Slain by a gnoll

Illustrated notes

Levels and vault maps discovered:
D:1:      roderic_crossed_star, layout_rooms
D:2:      layout_rooms, shapermc_ecumenical_altar_venn

Skill      XL: |  1  2 |
---------------+-------+-----
Spellcasting   | 3 |  3.2
Dodging        | |  2.6
Stealth        | |  2.6
Unarmed Combat | |  0.2
Summonings     | |  4.4

Action                   || total
-------------------------++-------
Melee: Unarmed           ||    30
       Bite              ||     3
 Cast: Summon Small Mamm ||    16
       Call Imp          ||     9
       Call Canine Famil ||     5
 Stab: Sleeping          ||     2
Dodge: Dodged            ||    22
